 Dungeon Crawl Stone Soup version 0.31.0-32-g396128a36d (webtiles) character file.

Game seed: 7379761011472677136

96782 PainlessDeath the Convoker (level 16, -13/122 HPs)
             Began as an Octopode Ice Elementalist on Apr 13, 2024.
             Was a High Priest of Ashenzari.
             Mangled by a +1 heavy battleaxe (29 damage)
             ... on level 1 of the Elven Halls.
             The game lasted 01:09:11 (31688 turns).

PainlessDeath the Convoker (OpIE)                  Turns: 31688, Time: 01:09:11

Health: -13/122    AC:  3    Str:  7    XL:     16   Next: 17%
Magic:  2/34       EV: 16    Int: 27    God:    Ashenzari [*****.]
Gold:   1761       SH:  9    Dex: 14    Spells: 20/43 levels left

rFire   . . .        i - staff "Tethered Lethargy" (curse) {rC+ Ice, !a, Elem, Self} (curse)
rCold   + . .        w - +2 buckler "Per Aspera Ad Scientiam" {Cun, Comp} (curse)
rNeg    . . .        o - +2 hat "Share My Burden" {Int+3, Range, Comp} (curse)
rPois   .            h - amulet "At What Cost Knowledge?" {Acrobat, Comp, Cun} (curse)
rElec   .            L - ring of the Celestial Sorrow {Fly, Self, Fort} (curse)
rCorr   +            p - ring of Ashenzari's Oblivion {Wiz, Self, Comp} (curse)
SInv    +            C - ring of Ashenzari's Vision {Ice, Dev, Self} (curse)
Will    +....        F - ring of the Clairvoyant Cosmos {Fire, Self, Melee} (curse)
Stlth   ++++         R - ring of the Gnostic Black Moon {rCorr, Melee, Sorc} (curse)
HPRegen 0.40/turn    Z - ring of Ashenzari's Gnosis {Wiz, Sorc, Melee} (curse)
MPRegen 0.24/turn    (no ring)
                     (no ring)

%: acrobat, clarity, wizardry (x2)
@: calling dragons, flying, very slightly contaminated
A: almost no armour, amphibious, 8 rings, camouflage 1, gelatinous body 1,
(nimble swimmer 1), tentacles
a: Renounce Religion, Curse Item, Shatter the Chains


You were on level 1 of the Elven Halls.
You worshipped Ashenzari.
Ashenzari was extremely pleased with you.
You visited 5 branches of the dungeon, and saw 24 of its levels.

You collected 3267 gold pieces.
You spent 1506 gold pieces at shops.


Innate Abilities, Weirdness & Mutations

You cannot wear most types of armour.
You are amphibious.
You can wear up to eight rings at the same time.
Your skin changes colour to match your surroundings (Stealth+).
Your rubbery body absorbs attacks. (AC +1, EV +1)
((You are camouflaged when in or above water. (Stealth+)))
You have tentacles for arms and can constrict up to eight enemies at once.


   Skills:
 - Level 9.7(15.5) Fighting
 - Level 5.9(10.0) Staves
 - Level 5.8(9.0) Dodging
 - Level 2.6(5.2) Stealth
 - Level 9.8(12.0) Shields
 - Level 8.2(14.0) Spellcasting
 + Level 15.6(20.5) Summonings
 - Level 11.0(13.1) Ice Magic
 - Level 4.0(6.0) Air Magic
 - Level 11.9(14.0) Evocations
 - Level 5.0(7.0) Shapeshifting


You had 20 spell levels left.
You knew the following spells:

 Your Spells              Type           Power      Damage    Failure   Level
b - Summon Ice Beast      Ice/Summ       100%       N/A       0%          3
d - Dragon's Call         Summ           46%        N/A       21%         9
f - Freeze                Ice            100%       1d10      0%          1
l - Summon Lightning Spi  Summ/Air       74%        N/A       1%          4
o - Ozocubu's Armour      Ice            100%       N/A       1%          3
r - Frozen Ramparts       Ice            100%       1d16      1%          3

Your spell library contained the following spells:

 Spells                   Type           Power      Damage    Failure   Level
 Summon Small Mammal      Summ           100%       N/A       0%          1
 Apportation              Tloc           36%        N/A       1%          1
 Kiss of Death            Conj/Necr      88%        2d12      1%          1
 Necrotise                Necr           88%        1d8       1%          1
 Sandblast                Erth           40%        2d10      1%          1
 Shock                    Conj/Air       100%       1d9       1%          1
 Sting                    Conj/Alch      84%        1d8       1%          1
 Cigotuvi's Dreadful Rot  Necr/Alch/Air  62%        N/A       1%          2
 Ensorcelled Hibernation  Hex/Ice        100%       N/A       1%          2
 Lesser Beckoning         Tloc           36%        N/A       1%          2
 Mercury Vapours          Alch/Air       72%        N/A       1%          2
 Mephitic Cloud           Conj/Alch/Air  31%        N/A       1%          3
 Swiftness                Air            50%        N/A       1%          3
 Airstrike                Air            25%        2d(4-20)  1%          4
 Summon Blazeheart Golem  Fire/Summ      85%        N/A       1%          4
 Freezing Cloud           Conj/Ice/Air   44%        6-21      1%          5
 Metabolic Englaciation   Hex/Ice        44%        N/A       1%          5
 Fugue of the Fallen      Necr           22%        N/A       2%          3
 Passwall                 Erth           20%        N/A       2%          3
 Stone Arrow              Conj/Erth      40%        3d9       2%          3
 Gell's Gravitas          Tloc           18%        N/A       3%          3
 Teleport Other           Tloc           18%        N/A       3%          3
 Dispel Undead            Necr           22%        3d12      8%          4
 Brom's Barrelling Bould  Conj/Erth      20%        2d4       9%          4
 Leda's Liquefaction      Alch/Erth      10%        N/A       9%          4
 Petrify                  Alch/Erth      20%        N/A       9%          4
 Cause Fear               Hex            9%         N/A       11%         4
 Manifold Assault         Tloc           18%        N/A       11%         4
 Haunt                    Necr/Summ      33%        N/A       11%         7
 Spellforged Servitor     Conj/Summ      33%        N/A       11%         7
 Fireball                 Conj/Fire      15%        3d8       22%         5
 Lee's Rapid Deconstruct  Erth           10%        3d8*      24%         5
 Orb of Destruction       Conj           10%        9d6       99%         7
 Animate Armour           Summ/Erth      Unusable   N/A       N/A         4

Inventory:

Missiles
 O - 2 throwing nets {=f}
Armour
 o - the cursed +2 hat "Share My Burden" (worn) {Int+3, Range, Comp}
   (You acquired it on level 1 of the Orcish Mines)

   It has a curse which improves the following skills: Ranged Combat: Ranged
   Weapons and Throwing.
   Companions: Summonings and Necromancy.
 w - the cursed +2 buckler "Per Aspera Ad Scientiam" (worn) {Cun, Comp}
   (You took it off a tengu conjurer on level 13 of the Dungeon)

   It has a curse which improves the following skills: Cunning: Dodging and
   Stealth.
   Companions: Summonings and Necromancy.
 T - a +0 kite shield
Magical Staves
 i - the cursed staff "Tethered Lethargy" (weapon) {rC+ Ice, !a, Elem, Self}
   (You found it on level 1 of the Dungeon)

   [staff of cold]

   Base accuracy: +5 Base damage: 5 Base attack delay: 1.2 This weapon's minimum
   attack delay (0.6) is reached at skill level 12.
   rC+:       It protects you from cold.
   Ice:       It increases the power of your Ice spells.
   It falls into the 'Staves' category.
   It is a one-tentacled weapon.
   It has a curse which improves the following skills: Elements: Fire Magic, Ice
   Magic, Air Magic and Earth Magic.
   Introspection: Fighting and Spellcasting.
Jewellery
 h - the cursed amulet "At What Cost Knowledge?" (around mantle) {Acrobat, Comp, Cun}
   (You found it on level 1 of the Dungeon)

   [amulet of the acrobat]

   Acrobat:   It increases your evasion while moving and waiting.
   It has a curse which improves the following skills: Companions: Summonings
   and Necromancy.
   Cunning:   Dodging and Stealth.
 p - the cursed ring of Ashenzari's Oblivion (right tentacle) {Wiz, Self, Comp}
   (You found it on level 4 of the Dungeon)

   [ring of wizardry]

   Wiz:       It improves your spell success rate.
   It has a curse which improves the following skills: Introspection: Fighting
   and Spellcasting.
   Companions: Summonings and Necromancy.
 C - the cursed ring of Ashenzari's Vision (on tentacle) {Ice, Dev, Self}
   (You found it on level 8 of the Dungeon)

   [ring of ice]

   Ice:       It enhances your ice magic.
   rF-:       It makes you vulnerable to fire.
   rC+:       It protects you from cold.
   It has a curse which improves the following skills: Devices: Evocations and
   Shapeshifting.
   Introspection: Fighting and Spellcasting.
 F - the cursed ring of the Clairvoyant Cosmos (on tentacle) {Fire, Self, Melee}
   (You found it on level 1 of the Dungeon)

   [ring of fire]

   Fire:      It enhances your fire magic.
   rF+:       It protects you from fire.
   rC-:       It makes you vulnerable to cold.
   It has a curse which improves the following skills: Introspection: Fighting
   and Spellcasting.
   Melee Combat: Short Blades, Long Blades, Axes, Maces & Flails, Polearms,
   Staves and Unarmed Combat.
 H - an amulet of regeneration
 L - the cursed ring of the Celestial Sorrow (left tentacle) {Fly, Self, Fort}
   (You found it on level 2 of the Dungeon)

   [ring of flight]

   Fly:       It grants you flight.
   It has a curse which improves the following skills: Introspection: Fighting
   and Spellcasting.
   Fortitude: Shields.
 R - the cursed ring of the Gnostic Black Moon (on tentacle) {rCorr, Melee, Sorc}
   (You found it on level 10 of the Dungeon)

   [ring of resist corrosion]

   rCorr:     It protects you from acid and corrosion.
   It has a curse which improves the following skills: Melee Combat: Short
   Blades, Long Blades, Axes, Maces & Flails, Polearms, Staves and Unarmed
   Combat.
   Sorcery:   Conjurations and Alchemy.
 Z - the cursed ring of Ashenzari's Gnosis (on tentacle) {Wiz, Sorc, Melee}
   (You found it on level 11 of the Dungeon)

   [ring of wizardry]

   Wiz:       It improves your spell success rate.
   It has a curse which improves the following skills: Sorcery: Conjurations and
   Alchemy.
   Melee Combat: Short Blades, Long Blades, Axes, Maces & Flails, Polearms,
   Staves and Unarmed Combat.
Talismans
 V - a blade talisman
Wands
 f - a wand of flame (63)
 v - a wand of digging (8)
 y - a wand of mindburst (7)
 A - a wand of paralysis (16)
 J - a wand of roots (20)
 U - a wand of light (4)
Scrolls
 b - a scroll of revelation
 d - 5 scrolls of enchant weapon
 j - 15 scrolls of identify {@r1}
 n - 8 scrolls of teleportation {@r2}
 s - 5 scrolls of noise
 t - 2 scrolls of blinking
 z - 3 scrolls of fog
 D - a scroll of vulnerability
 G - 3 scrolls of amnesia
 I - 3 scrolls of brand weapon
 M - 2 scrolls of poison
 N - 3 scrolls of fear
 P - a scroll of butterflies
 S - a scroll of immolation
 X - a scroll of torment
Potions
 a - a potion of magic
 c - a potion of mutation
 g - 12 potions of curing {@q1}
 k - 3 potions of attraction
 l - 2 potions of heal wounds {@q2}
 m - 2 potions of invisibility
 q - 4 potions of brilliance
 u - a potion of cancellation
 x - 6 potions of haste {@q3}
 B - 2 potions of ambrosia
 E - a potion of lignification
 K - 10 potions of enlightenment
 W - a potion of might
Miscellaneous
 e - a phantom mirror
 r - a sack of spiders
 Q - a lightning rod (4/4)
 Y - a condenser vane

Dungeon Overview and Level Annotations

Branches:
Dungeon (15/15)            Temple (1/1) D:7            Lair (5/5) D:10
 Shoals (0/4) Lair:2        Snake (0/4) Lair:3        Slime (0/5) Lair:5
    Orc (2/2) D:12            Elf (1/3) Orc:2        Depths (0/4) D:15
 Vaults: D:13-14

Altars:
Ashenzari
Cheibriados
Dithmenos
Elyvilon
Fedhas
Gozag
Hepliaklqana
Kikubaaqudgha
Makhleb
Nemelex Xobeh
Okawaru
Qazlal
Ru
Sif Muna
Trog
Uskayaw
Vehumet
Wu Jian
Xom
Yredelemnul
Zin
The Shining One
Jiyva

Shops:
D:9 !   Orc:1 ?   Orc:2 [!([[

Annotations:
D:6 1 runed translucent door, mainiacjoe's ghost, novice OpDe
D:11 2 transporters, monsoonserge's ghost, journeyman OpSh

# #[......#
*,,,,,,,,,* #
##.....'##
****,,,****
###'##'###.##
*,,,# ..'###.#
##.## *,,.* ).##
#.# ##.## **$#*
#)## #.#
##.##*##'###
..)# *,*
##.##.....##
...###,****
##'.......#*
..)..#'*,,*
*#.@YD.....*
.....#,,,,*
#..{)..$...,
.)...#,,,,*
#..........,
..#'##,,,,*
#....§D....,
..#..#**,,*
#....).)...,
..#..# ****
#....).....,
..#..#
##.........'
'#####
**'#.......#*
...#
****,***,,,,,***


You could see a +1 heavy battleaxe (ally target), a friendly fire dragon
(summoned), a friendly quicksilver dragon (summoned, catching breath) and a
friendly ice beast (summoned).


Message History

You constrict the +1 heavy battleaxe, but do no damage.
The deep elf archer hits your quicksilver dragon with a +0 short sword.
Your quicksilver dragon bites the deep elf archer but does no damage.
Your quicksilver dragon closely misses the deep elf archer.
Your ice beast hits the +1 heavy battleaxe.
Your ice beast freezes the +1 heavy battleaxe.
The +1 heavy battleaxe resists.
You hit the +1 heavy battleaxe but do no damage.
You squeeze the +1 heavy battleaxe, but do no damage.
The +1 heavy battleaxe is moderately damaged.
You constrict the +1 heavy battleaxe, but do no damage.
Your quicksilver dragon bites the deep elf archer!
Your quicksilver dragon misses the deep elf archer.
The +1 heavy battleaxe hits you!!
* * * LOW HITPOINT WARNING * * *
The +1 heavy battleaxe closely misses your ice beast.
The deep elf archer mumbles some strange words.
The deep elf archer blinks!
You hit the +1 heavy battleaxe but do no damage.
You squeeze the +1 heavy battleaxe.
The +1 heavy battleaxe is moderately damaged.
A dragon tries to answer your call, but you don't have enough magical power!
You constrict the +1 heavy battleaxe, but do no damage.
Your quicksilver dragon breathes dispelling energy at the deep elf archer.
The bolt of dispelling energy hits the deep elf archer!!
The deep elf archer dies!
Your ice beast hits the +1 heavy battleaxe.
Your ice beast freezes the +1 heavy battleaxe.
The +1 heavy battleaxe resists.
The +1 heavy battleaxe hits you!!
You die...

Skill      XL: |  1  2  3  4  5  6  7  8  9 10 11 12 13 14 15 16 |
---------------+-------------------------------------------------+-----
Fighting       | 1 2 3 5 6 7 9 |  9.7
Evocations     | 1 2 4 5 6 7 10 11 | 11.9
Staves         | 1 2 3 5 |  5.9
Ice Magic      | 5 6 8 11 | 11.0
Shapeshifting  | 1 3 5 |  5.0
Summonings     | 2 4 8 12 13 14 15 | 15.6
Spellcasting   | 3 4 6 8 |  8.2
Air Magic      | 3 4 |  4.0
Shields        | 4 7 9 |  9.8
Dodging        | 3 5 |  5.8
Stealth        | |  2.6

Action                     |  1- 3 |  4- 6 |  7- 9 | 10-12 | 13-15 | 16-18 || total
---------------------------+-------+-------+-------+-------+-------+-------++-------
  Melee: Dagger            |    56 |     8 |       |       |       |       ||    64
         Constrict         |    21 |    14 |    36 |    27 |   103 |     4 ||   205
         Unarmed           |     5 |       |       |       |       |       ||     5
         Tentacles         |    21 |    11 |    48 |    63 |   171 |    12 ||   326
         Staff             |    44 |    53 |   193 |   205 |   596 |    30 ||  1121
         Punch             |     1 |       |     1 |     3 |    13 |     2 ||    20
   Cast: Freeze            |     3 |       |     1 |     2 |       |       ||     6
         Frozen Ramparts   |     1 |     7 |    21 |    33 |    46 |       ||   108
         Summon Ice Beast  |       |     3 |    13 |    38 |    77 |     2 ||   133
         Ozocubu's Armour  |       |       |     8 |    23 |    49 |     1 ||    81
         Summon Lightning  |       |       |       |    37 |    70 |     1 ||   108
         Dragon's Call     |       |       |       |       |     2 |     1 ||     3
 Invoke: Curse Item        |       |       |       |     7 |     3 |       ||    10
Ability: Begin Untransform |       |       |       |       |     1 |       ||     1
  Evoke: Wand              |       |       |       |     2 |     4 |       ||     6
    Use: Potion            |       |     3 |     1 |       |     1 |     1 ||     6
         Scroll            |       |     1 |       |       |     5 |       ||     6
   Stab: Sleeping          |    13 |     5 |     7 |       |    14 |       ||    39
         Distracted        |       |       |     1 |     5 |     8 |       ||    14
         Petrified         |       |       |       |       |     4 |       ||     4
         Petrifying        |       |       |       |       |     1 |       ||     1
 Armour: Skin              |    46 |    39 |   107 |   141 |   299 |    18 ||   650
  Dodge: Dodged            |    75 |    36 |   132 |   180 |   331 |    15 ||   769
  Block: Buckler           |       |       |       |     2 |   225 |     6 ||   233
   Form: Beast             |       |     1 |       |       |       |       ||     1

Levels and vault maps discovered:
D:1:      shiori_arrival_maze, layout_loops_ring, serial_co_window_serial,
          co_window_paths_a, co_window_paths_b, co_window_paths_a,
          co_window_of_opportunity_a, co_window_of_opportunity_a,
          co_window_paths_c, co_window_corner_cb, co_window_of_opportunity_c,
          shapermc_ecumenical_altar_starsandcircs, minmay_tromino_v2
D:2:      layout_loops_cross, basic_altar
D:3:      layout_basic, uniq_natasha, uniq_sigmund
D:4:      layout_loops_ring, mainiacjoe_overflow_swirl, serial_bayou_pond_e
D:5:      layout_basic, okawaru_ov_weapons_minmay, kennysheep_mini_moat,
          amcnicky_mini_pool_medium, uniq_grinder
D:6:      layout_cave_pools, mainiacjoe_overflow_alcove_2,
          mainiacjoe_overflow_boulevard, cheibriados_altar_1,
          nicolae_overflow_crystal_walls, hellmonk_ghost_happy_afterlife,
          kennysheep_pointless_box
D:7:      layout_basic, lemuel_doored_altar, mainiacjoe_overflow_24_doors,
          temple_pool_b, serial_demonic, serial_demonic_c, serial_demonic_b,
          serial_demonic_f, serial_demonic_f, serial_demonic_c,
          serial_demonic_e, uniq_maurice, uniq_duvessa, uniq_joseph
D:8:      layout_gridville, kennysheep_little_box, minmay_misc_feat_hallway,
          uniq_pikel
D:9:      layout_irregular_city, marbit_many_paths,
          eat_drink_and_be_merry_uskayaw, kennysheep_mini, serial_column_ruins,
          column_ruins_square_small, column_ruins_grid_3, column_ruins_grid_4,
          column_ruins_grid_3, column_ruins_open_tiny, column_ruins_open_small,
          serial_shops, nicolae_shop_stone, st_stairs_13
D:10:     layout_roguey [special_room_orc],
          mainiacjoe_overflow_concentric_impassable,
          nicolae_gozag_cash_rules_everything_around_me,
          due_lair_maze_entry_diamond, uniq_nergalle, uniq_snorg, uniq_josephine
D:11:     layout_loops_corners, gammafunk_ghost_wrathful_warriors
D:12:     layout_basic, david_orc_3, uniq_sonja
D:13:     layout_roguey, david_vaults_4, zin_statuary
D:14:     layout_roguey [special_room_orc], nicolae_wwwww,
          minmay_misc_feat_rugged, serial_bayou_ford_a
D:15:     grunt_enter_depths_hoard, layout_cave_pools,
          dreamdust_mushroom_princess, kb_rosetta
Temple:   hellmonk_temple_two_chambers
Lair:1:   layout_regular_city, basic_altar, uniq_grum, uniq_harold,
          uniq_jeremiah
Lair:2:   layout_long_grid, minmay_shoals_entry_lonely_mermaid,
          chequers_serial_rivers_micro_b
Lair:3:   layout_small_grid, dummy_snake_entry, minmay_holes
Lair:4:   layout_cave_shapes, infiniplex_staircase_pool_2, grunt_megastairs_4
Lair:5:   minmay_lair_end_frog_pond, layout_regular_city,
          minmay_slime_entry_pillars, uniq_rupert
Orc:1:    layout_caves, serial_shops, nicolae_shop_hallway_stairs,
          library_closet
Orc:2:    grunt_orc_community_town_hall, layout_caves,
          grunt_orc_community_big_house_2, grunt_orc_community_big_house_1,
          grunt_orc_community_house_3, grunt_orc_community_house_1,
          grunt_orc_community_house_2, grunt_orc_community_house_1,
          grunt_orc_community_house_3, serial_shops, shop
Elf:1:    layout_geoelf_octagon, minmay_elf_necromancy, minmay_shop_grove

Notes
Turn   | Place    | Note
-------+----------+-------------------------------------------
     0 | D:1      | PainlessDeath the Octopode Ice Elementalist began the quest
                  | for the Orb.
     0 | D:1      | Reached XP level 1. HP: 11/11 MP: 3/3
   203 | D:1      | Reached skill level 1 in Fighting
   266 | D:1      | Found a faded altar of an unknown god.
   274 | D:1      | Reached XP level 2. HP: 13/18 MP: 5/5
   475 | D:1      | Reached skill level 2 in Fighting
   975 | D:1      | Reached XP level 3. HP: 20/25 MP: 6/6
  1004 | D:1      | Learned a level 3 spell: Frozen Ramparts
  1496 | D:2      | Reached skill level 1 in Evocations
  1579 | D:2      | Reached skill level 3 in Fighting
  1579 | D:2      | Reached skill level 1 in Staves
  1579 | D:2      | Reached XP level 4. HP: 31/31 MP: 3/7
  1738 | D:2      | Found a shimmering altar of Xom.
  2118 | D:3      | Noticed a phantom
  2448 | D:3      | Noticed a scorpion
  2457 | D:3      | Killed a scorpion
  2458 | D:3      | Reached skill level 2 in Staves
  2458 | D:3      | Reached skill level 2 in Evocations
  2458 | D:3      | Reached XP level 5. HP: 36/36 MP: 4/8
  2708 | D:3      | HP: 3/36 [phantom (5)]
  2710 | D:3      | HP: 1/36 [phantom (2)]
  2713 | D:3      | Killed a phantom
  2714 | D:3      | Reached skill level 5 in Ice Magic
  2714 | D:3      | Reached skill level 1 in Shapeshifting
  2842 | D:3      | Noticed Natasha
  2848 | D:3      | Killed Natasha
  2849 | D:3      | Reached XP level 6. HP: 24/42 MP: 5/9
  2943 | D:3      | Learned a level 3 spell: Summon Ice Beast
  3138 | D:3      | Noticed Sigmund
  3147 | D:3      | Killed Sigmund
  3148 | D:3      | Reached skill level 2 in Summonings
  3196 | D:3      | Noticed Natasha
  3203 | D:3      | Killed Natasha
  3204 | D:3      | Reached skill level 6 in Ice Magic
  3204 | D:3      | Reached XP level 7. HP: 46/46 MP: 3/10
  3493 | D:3      | Noticed Natasha
  3500 | D:3      | Killed Natasha
  3786 | D:4      | Reached skill level 3 in Spellcasting
  3787 | D:4      | Reached skill level 2 in Shapeshifting
  3961 | D:4      | Learned a level 3 spell: Ozocubu's Armour
  4029 | D:4      | Found a sparkling altar of Nemelex Xobeh.
  4300 | D:4      | Found a shimmering blue altar of Sif Muna.
  4312 | D:5      | Entered Level 5 of the Dungeon
  4361 | D:5      | Noticed Grinder
  4364 | D:5      | Found an iron altar of Okawaru.
  4393 | D:5      | Paralysed by Grinder for 5 turns
  4403 | D:5      | Killed Grinder
  4404 | D:5      | Reached skill level 3 in Shapeshifting
  4404 | D:5      | Reached XP level 8. HP: 13/52 MP: 4/12
  4549 | D:5      | Identified the +4 falchion "Uclaxus" {heavy, Str+3 SInv}
  4591 | D:5      | Reached skill level 7 in Ice Magic
  4708 | D:5      | Found a bloodstained altar of Trog.
  4839 | D:5      | Reached skill level 4 in Fighting
  5453 | D:5      | Reached skill level 5 in Fighting
  5729 | D:6      | Found a runed translucent door.
  5893 | D:6      | Reached skill level 3 in Staves
  5893 | D:6      | Reached skill level 3 in Evocations
  6032 | D:6      | Reached skill level 4 in Evocations
  6105 | D:6      | Found a hazy altar of Hepliaklqana.
  6163 | D:6      | Found a snail-covered altar of Cheibriados.
  6215 | D:6      | Found a radiant altar of Vehumet.
  6279 | D:6      | Found a burning altar of Makhleb.
  6522 | D:6      | Noticed mainiacjoe's ghost (novice OpDe)
  6596 | D:7      | Found a staircase to the Ecumenical Temple.
  6605 | Temple   | Entered the Ecumenical Temple
  6626 | Temple   | Became a worshipper of Ashenzari the Shackled
  6702 | D:7      | Reached skill level 8 in Ice Magic
  6702 | D:7      | Reached XP level 9. HP: 40/61 MP: 6/13
  7216 | D:7      | Reached skill level 9 in Ice Magic
  7369 | D:7      | Found a stormy altar of Qazlal.
  7409 | D:7      | Found an ornate altar of the Wu Jian Council.
  7653 | D:7      | Reached skill level 10 in Ice Magic
  7772 | D:7      | Noticed Maurice
  7796 | D:7      | Something stole an amulet of regeneration
  7797 | D:7      | Something stole a +3 whip of venom
  7800 | D:7      | Killed Maurice
  7801 | D:7      | Reached skill level 11 in Ice Magic
  8104 | D:7      | Noticed Joseph
  8113 | D:7      | Killed Joseph
  8114 | D:7      | Reached skill level 6 in Fighting
  8114 | D:7      | Reached skill level 5 in Evocations
  8114 | D:7      | Reached XP level 10. HP: 67/68 MP: 4/14
  8201 | D:7      | Noticed Dowan
  8203 | D:7      | Noticed Duvessa
  8207 | D:7      | Killed Dowan
  8211 | D:7      | Killed Duvessa
  8212 | D:7      | Reached skill level 4 in Shapeshifting
  8785 | D:8      | Found a shimmering altar of Xom.
  8832 | D:8      | Reached skill level 4 in Staves
  9131 | D:8      | Identified a +2 robe of resistance
  9131 | D:8      | Noticed Pikel
  9141 | D:8      | Killed Pikel
  9142 | D:8      | Reached skill level 5 in Staves
  9142 | D:8      | Reached skill level 3 in Summonings
  9859 | D:8      | Reached * piety under Ashenzari
  9875 | D:9      | Reached skill level 5 in Shapeshifting
 10128 | D:9      | Learned a level 4 spell: Summon Lightning Spire
 10331 | D:9      | Reached skill level 1 in Air Magic
 10586 | D:9      | Found a blossoming altar of Fedhas.
 10616 | D:9      | Reached skill level 6 in Evocations
 10821 | D:9      | Found Oplon's Distillery.
 10830 | D:9      | Bought a potion of heal wounds for 50 gold pieces
 10870 | D:9      | Identified the +10 long sword "Feikluan" {freeze, rC++
                  | Int+3 Dex+4}
 10871 | D:9      | Found a hide-covered altar of Uskayaw.
 10883 | D:9      | Reached skill level 4 in Summonings
 10887 | D:9      | Reached ** piety under Ashenzari
 10950 | D:9      | Reached skill level 2 in Air Magic
 10957 | D:9      | Reached skill level 3 in Air Magic
 10961 | D:9      | Reached XP level 11. HP: 35/78 MP: 11/18
 11207 | D:9      | Found a glowing golden altar of the Shining One.
 11618 | D:10     | Entered Level 10 of the Dungeon
 11643 | D:10     | Found a staircase to the Lair.
 11652 | D:10     | Reached skill level 4 in Air Magic
 11657 | D:10     | Noticed Nergalle
 11661 | D:10     | Reached skill level 5 in Summonings
 11667 | D:10     | Killed Nergalle
 11669 | D:10     | Reached skill level 6 in Summonings
 11825 | D:10     | Reached skill level 7 in Summonings
 11961 | D:10     | Found a sacrificial altar of Ru.
 11994 | D:10     | Reached skill level 8 in Summonings
 12121 | D:10     | Noticed a two-headed ogre
 12134 | D:10     | Killed a two-headed ogre
 12226 | D:10     | Noticed Josephine
 12238 | D:10     | Reached skill level 4 in Spellcasting
 12238 | D:10     | Killed Josephine
 12337 | D:10     | Found an opulent altar of Gozag.
 12517 | D:10     | Reached skill level 7 in Fighting
 12680 | D:10     | Noticed Snorg
 12695 | D:10     | Killed Snorg
 12696 | D:10     | Reached skill level 7 in Evocations
 12699 | D:10     | Reached XP level 12. HP: 87/87 MP: 10/22
 12805 | D:11     | Noticed a two-headed ogre
 12816 | D:11     | Killed a two-headed ogre
 12817 | D:11     | Reached skill level 8 in Evocations
 13189 | D:11     | Found a transporter.
 13194 | D:11     | Noticed a two-headed ogre
 13249 | D:11     | Reached *** piety under Ashenzari
 13250 | D:11     | Identified a potion of resistance
 13391 | D:11     | Reached skill level 1 in Shields
 13512 | D:11     | Noticed a boulder beetle
 13544 | D:11     | Killed a boulder beetle
 13545 | D:11     | Reached skill level 2 in Shields
 13790 | D:11     | Reached skill level 3 in Shields
 13897 | D:11     | Reached skill level 9 in Evocations
 13988 | D:11     | Found a transporter.
 13988 | D:11     | Noticed a two-headed ogre
 13991 | D:11     | Found a bloodstained altar of Trog.
 13999 | D:11     | Noticed monsoonserge's ghost (journeyman OpSh)
 14001 | D:11     | Noticed a tengu warrior
 14360 | D:12     | You are sucked into a shaft and drop 2 floors!
 14407 | D:14     | Noticed a two-headed ogre
 14420 | D:14     | Killed a two-headed ogre
 14653 | D:14     | Reached skill level 10 in Evocations
 15076 | D:13     | Noticed a centaur warrior
 15103 | D:13     | Killed a centaur warrior
 15104 | D:13     | Reached skill level 8 in Fighting
 15390 | D:13     | Noticed a two-headed ogre
 15400 | D:13     | Killed a two-headed ogre
 15401 | D:13     | Reached skill level 4 in Shields
 15415 | D:13     | Reached **** piety under Ashenzari
 15711 | D:13     | Reached skill level 9 in Fighting
 15978 | D:12     | Noticed Sonja
 15984 | D:12     | Reached XP level 13. HP: 89/100 MP: 17/25
 16000 | D:12     | Killed Sonja
 16027 | D:12     | Found a staircase to the Orcish Mines.
 16606 | D:12     | Reached skill level 9 in Summonings
 17200 | Lair:1   | Entered Level 1 of the Lair of Beasts
 17269 | Lair:1   | Found an ornate altar of the Wu Jian Council.
 17302 | Lair:1   | Noticed Harold
 17314 | Lair:1   | Killed Harold
 17444 | Lair:1   | Reached ***** piety under Ashenzari
 17666 | Lair:1   | Noticed Jeremiah
 17676 | Lair:1   | Killed Jeremiah
 17677 | Lair:1   | Reached skill level 10 in Summonings
 17788 | Lair:1   | Noticed Grum
 17798 | Lair:1   | Killed Grum
 19072 | Lair:2   | HP: 10/104 [poisoned by a cane toad]
 19389 | Lair:2   | Found a staircase to the Shoals.
 19396 | Lair:2   | Reached skill level 11 in Summonings
 20182 | Lair:3   | Found a staircase to the Snake Pit.
 20240 | Lair:3   | Reached skill level 12 in Summonings
 20249 | Lair:3   | Reached skill level 11 in Evocations
 21094 | Lair:4   | Reached XP level 14. HP: 92/110 MP: 8/27
 21102 | Lair:4   | Reached skill level 5 in Shields
 21665 | Lair:4   | Identified the +2 leather armour of Sloth {Int+2}
 21976 | Lair:5   | Entered Level 5 of the Lair of Beasts
 22033 | Lair:5   | Found a staircase to the Slime Pits.
 22033 | Lair:5   | Found a viscous altar of Jiyva.
 22040 | Lair:5   | Reached skill level 6 in Shields
 22647 | Lair:5   | Reached skill level 13 in Summonings
 22651 | Lair:5   | Reached skill level 5 in Spellcasting
 22992 | Lair:5   | Noticed Rupert
 23026 | Lair:5   | Reached skill level 7 in Shields
 23026 | Lair:5   | Killed Rupert
 23197 | Lair:5   | Identified the +3 mace "Pixkuot" {elec, rN+}
 23269 | Lair:5   | Reached skill level 3 in Dodging
 23428 | Lair:5   | Reached skill level 6 in Spellcasting
 24184 | Lair:5   | Reached XP level 15. HP: 116/116 MP: 30/30
 24244 | Lair:5   | Learned a level 9 spell: Dragon's Call
 24352 | Lair:5   | Reached skill level 4 in Dodging
 25406 | D:14     | Reached skill level 8 in Shields
 25909 | D:15     | Entered Level 15 of the Dungeon
 26180 | D:15     | Reached skill level 5 in Dodging
 26424 | D:15     | Reached skill level 7 in Spellcasting
 26655 | D:15     | Reached skill level 14 in Summonings
 26784 | D:15     | Identified the +3 ring mail of Hatidy {^Contam rElec Will+}
 27449 | D:15     | Found a staircase to the Depths.
 27631 | Orc:1    | Entered Level 1 of the Orcish Mines
 28388 | Orc:1    | Found Miow's Magic Scroll Shop.
 28419 | Orc:1    | Bought 2 scrolls of acquirement for 1456 gold pieces
 28419 | Orc:1    | Acquired a +1 hat of intelligence
 28518 | Orc:1    | Acquired 756 gold pieces
 28564 | Orc:1    | Reached skill level 9 in Shields
 28942 | Orc:2    | Entered Level 2 of the Orcish Mines
 28942 | Orc:2    | Found a staircase to the Elven Halls.
 29092 | Orc:2    | Noticed an orc warlord
 29114 | Orc:2    | Killed an orc warlord
 29470 | Orc:2    | Noticed Saint Roka
 30503 | Orc:2    | Found Maogoi's Distillery.
 30645 | Orc:2    | Reached skill level 8 in Spellcasting
 30673 | Orc:2    | Killed Saint Roka
 30816 | Orc:2    | Found Quru's Antique Weapon Shop.
 30818 | Orc:2    | Found Jiesyl's Antique Armour Boutique.
 30936 | Orc:2    | Found Buel's Antique Armour Boutique.
 30992 | Orc:2    | Found Miheliox's Antique Armour Shop.
 31118 | Elf:1    | Entered Level 1 of the Elven Halls
 31211 | Elf:1    | Reached XP level 16. HP: 122/122 MP: 6/34
 31223 | Elf:1    | Reached skill level 15 in Summonings
 31398 | Elf:1    | Identified the Omnibus of Malignant Arts
 31672 | Elf:1    | Identified the +1 leather armour "Akupeon" {Dex+5}
 31688 | Elf:1    | Mangled by a +1 heavy battleaxe

Vanquished Creatures
  An orc warlord (Orc:2)
  Snorg (D:10)
  A fire dragon (D:15)
  4 hydras
  2 centaur warriors
  A boulder beetle (D:12)
  6 two-headed ogres
  A catoblepas (Lair:4)
  2 orc high priests (Orc:2)
  A deep elf knight (D:15)
  Nergalle (D:10)
  2 skysharks (Lair:5)
  A goliath frog (Lair:5)
  A deep elf zephyrmancer (D:15)
  Pikel (D:8)
  2 deep elf pyromancers (Elf:1)
  4 orc sorcerers
  10 ugly things
  4 orc knights
  A cyclops (D:14)
  Maurice (D:7)
  4 elephants
  A meliai (D:15)
  2 kobold blastminers (Orc:2)
  Joseph (D:7)
  6 black mambas
  19 cane toads
  9 komodo dragons
  Jeremiah (Lair:1)
  5 rime drakes
  A freezing wraith (D:14)
  A queen bee (shapeshifter) (D:15)
  A polar bear (Lair:3)
  A hornet (D:11)
  Grinder (D:5)
  A tyrant leech (Lair:5)
  4 trolls
  11 blink frogs
  An air elemental (Elf:1)
  2 shadows
  2 wyverns (Lair:3)
  2 basilisks
  2 water elementals
  2 wraiths (D:10)
  A slime creature (D:15)
  Grum (Lair:1)
  27 yaks
  3 wargs
  A redback (D:15)
  3 steam dragons
  3 vampire mosquitoes (Lair:5)
  3 acid dragons
  12 water moccasins
  2 sky beasts
  5 black bears
  A laughing skull (D:13)
  25 orc warriors
  An ice beast (D:7)
  3 ogres
  5 centaurs
  13 wolves
  A lemure (D:8)
  3 phantoms
  2 kobold brigands
  14 bullfrogs
  2 scorpions
  3 wights (D:9)
  Dowan (D:7)
  3 howler monkeys
  An electric eel (Lair:5)
  7 hounds
  A quasit (D:7)
  15 orc priests
  6 jellies
  2 sleepcaps
  3 iguanas
  15 orc wizards
  Natasha (thrice) (D:3)
  3 gnolls (D:8)
  6 adders
  4 shadow imps
  4 white imps
  An ufetubus (D:7)
  A dart slug (D:1)
  A ribbon worm (D:4)
  82 orcs
  7 bats
  9 endoplasms
  6 giant cockroaches
  3 hobgoblins
  4 jackals (D:1)
  4 quokkas
  5 ball pythons
  4 goblins
  16 kobolds
  8 rats
487 creatures vanquished.

Vanquished Creatures (collateral kills)
  Saint Roka (Orc:2)
  Rupert (Lair:5)
  A deep elf death mage (Elf:1)
  A nameless horror (Elf:1)
  Josephine (D:10)
  An ice dragon (D:15)
  Harold (Lair:1)
  A hydra (Lair:5)
  A catoblepas (Lair:4)
  A dancing weapon (Elf:1)
  2 boulder beetles
  A deep elf knight (Elf:1)
  Sonja (D:12)
  4 large abominations (Elf:1)
  A necromancer (Elf:1)
  2 deep elf archers (Elf:1)
  2 orc knights
  2 deep elf zephyrmancers (Elf:1)
  3 deep elf pyromancers (Elf:1)
  A manticore (D:14)
  5 orc sorcerers
  4 ugly things
  A wolf spider (D:15)
  2 cyclopes
  2 meliai (D:15)
  4 elephants
  A merfolk siren (Lair:2)
  A cane toad (Lair:3)
  A komodo dragon (Lair:5)
  A rime drake (Lair:5)
  2 tengu conjurers (D:13)
  An efreet (D:13)
  3 trolls
  10 blink frogs
  2 water elementals
  2 shadows
  5 slime creatures
  Sigmund (D:3)
  A wyvern (D:10)
  A fire elemental (Elf:1)
  2 wraiths
  19 yaks
  A steam dragon (D:10)
  2 wargs (Orc:2)
  6 vampire mosquitoes
  3 acid dragons
  5 water moccasins
  Duvessa (D:7)
  3 black bears
  15 orc warriors
  A sky beast (D:8)
  3 ogres
  4 laughing skulls
  4 wolves
  4 centaurs (D:13)
  4 elf zombies (Elf:1)
  4 bullfrogs
  A scorpion (D:10)
  2 wights (D:9)
  A jelly (Lair:5)
  5 orc priests
  A hound (D:4)
  6 orc wizards
  An adder (D:4)
  An ufetubus (D:7)
  57 orcs
  2 kobolds
237 creatures vanquished.

Vanquished Creatures (others)
  An orc warrior (D:12)
1 creature vanquished.

Grand Total: 725 creatures vanquished

Table legend: (Time is in decaauts)
 A = Elapsed time spent in this place.
 B = Non-inter-level travel time spent in this place.
 C = Inter-level travel time spent in this place.
 D = Time resting spent in this place.
 E = Time spent auto-exploring this place.
 F = Levels seen in this place.
 G = Mean time per level.
                   A        B        C        D        E       F      G
               +--------+--------+--------+--------+--------+-----+--------+
         Total |  31575 |  30537 |   1038 |   7641 |  18421 |  24 | 1315.6 |
       Dungeon |  20397 |  19754 |    643 |   5200 |  11846 |  15 | 1359.8 |
        Temple |     30 |     21 |      9 |      0 |      0 |   1 |   30.0 |
          Lair |   7566 |   7286 |    280 |   1766 |   4388 |   5 | 1513.2 |
  Orcish Mines |   3019 |   2914 |    105 |    534 |   1869 |   2 | 1509.5 |
   Elven Halls |    561 |    561 |      0 |    141 |    318 |   1 |  561.0 |
               +--------+--------+--------+--------+--------+-----+--------+

Top non-repeatable levels by time:
  Lair:5: 2737 daAuts
     D:7: 2020 daAuts
    D:12: 1938 daAuts
   Orc:2: 1885 daAuts
     D:9: 1782 daAuts
    D:15: 1644 daAuts
     D:3: 1515 daAuts
  Lair:2: 1456 daAuts
    D:14: 1379 daAuts
    D:11: 1351 daAuts
     D:5: 1350 daAuts
  Lair:3: 1291 daAuts
    D:10: 1258 daAuts
     D:8: 1225 daAuts
    D:13: 1172 daAuts

Table legend:
 A = Non-vault XP
 B = Vault XP
 C = Vault XP percentage of total XP
 D = Non-vault monster count
 E = Vault monster count
 F = Vault count percentage of total count
                 A         B        C        D         E       F
            +---------+---------+-------+---------+---------+-------
      Total |   95602 |   43308 |  31.2 |     495 |     228 |  31.5
            +---------+---------+-------+---------+---------+-------
        D:1 |      35 |       2 |   5.4 |      20 |       2 |   9.1
        D:2 |      62 |       0 |   0.0 |      21 |       0 |   0.0
        D:3 |     316 |     249 |  44.1 |      23 |       2 |   8.0
        D:4 |     254 |       0 |   0.0 |      14 |       0 |   0.0
        D:5 |     443 |     331 |  42.8 |      17 |       3 |  15.0
        D:6 |     597 |       0 |   0.0 |      10 |       0 |   0.0
        D:7 |    1963 |    1270 |  39.3 |      24 |      12 |  33.3
        D:8 |    1361 |     607 |  30.8 |      21 |       1 |   4.5
        D:9 |    1889 |     211 |  10.0 |      22 |       2 |   8.3
       D:10 |    4345 |    4584 |  51.3 |      23 |      42 |  64.6
       D:11 |    4976 |       0 |   0.0 |      25 |       0 |   0.0
       D:12 |    4814 |    1049 |  17.9 |      18 |       5 |  21.7
       D:13 |    6453 |       0 |   0.0 |      20 |       0 |   0.0
       D:14 |    4309 |    1151 |  21.1 |       9 |      27 |  75.0
       D:15 |   11336 |    3508 |  23.6 |      29 |       6 |  17.1
     Lair:1 |    1931 |    1776 |  47.9 |      10 |       6 |  37.5
     Lair:2 |    4777 |     451 |   8.6 |      19 |       1 |   5.0
     Lair:3 |    8085 |       0 |   0.0 |      27 |       0 |   0.0
     Lair:4 |    7888 |     968 |  10.9 |      19 |       6 |  24.0
     Lair:5 |   13429 |   12457 |  48.1 |      47 |      39 |  45.3
      Orc:1 |    3343 |       0 |   0.0 |      27 |       0 |   0.0
      Orc:2 |    5043 |   10395 |  67.3 |      35 |      64 |  64.6
      Elf:1 |    7953 |    4299 |  35.1 |      15 |      10 |  40.0
            +---------+---------+-------+---------+---------+-------
